Map: Schreine von Lizul

Players

Prest - Winner!

  • Race: Zerg Zerg
  • League: Gold
  • Spawn Location: 12:00

Raunchy - Winner!

  • Race: Terran Terran
  • League: Silver
  • Spawn Location: 3:00

RiseAgainst

  • Race: Terran Terran
  • League: Diamond
  • Spawn Location: 6:00

Panda

  • Race: Zerg Zerg
  • Spawn Location: 9:00

VOD

Have the link to the VOD?

Description

Time

  • Played on: Aug. 27, 2017, 7:40 a.m.
  • Length: 4:05
Show
View Real Time Build Order
Export as new Build Order

Prest Zerg - Winner!

Build Orders: Pool Only 

Get SALT Encoding   

  12  0:01  Drone  
  13  0:28  Spawning Pool  
  13  0:30  Extractor, Drone  
  13  0:35  Drone  
  13  0:41  Drone  
  14  0:46  Extractor, Drone  
  15  0:57  Overlord  
  15  1:20  Queen  
  15  1:21  Zergling x2  
  15  1:22  Zergling x2  
  15  1:24  Zergling x2  
  20  1:36  Metabolic Boost  
  20  1:44  Spine Crawler  
  20  1:46  Zergling x2  
  20  1:51  Zergling x2  
  21  2:03  Zergling x2  
  22  2:17  Overlord  
  22  2:38  Zergling x10  
  25  3:05  Zergling x2  
  25  3:06  Zergling x6  
  25  3:09  Overlord  
  29  3:23  Zergling x2  
  29  3:42  Zergling x4  
Show
View Real Time Build Order
Export as new Build Order

Raunchy Terran - Winner!

Build Orders:  

Get SALT Encoding   

  12  0:01  SCV  
  13  0:13  SCV  
  14  0:19  Supply Depot  
  14  0:25  SCV  
  15  0:34  Supply Depot  
  15  0:41  SCV  
  16  0:51  Barracks  
  16  0:55  SCV  
  17  1:07  SCV  
  17  1:10  Barracks  
  18  1:19  SCV  
  19  1:27  Barracks  
  19  1:38  Barracks  
  19  1:39  Marine  
  20  1:54  Supply Depot  
  20  1:57  Marine  
  20  2:00  Marine  
  22  2:14  Marine  
  23  2:18  Supply Depot, Marine  
  23  2:19  Marine  
  25  2:32  Marine x2  
  25  2:35  Marine  
  28  2:37  Marine  
  26  2:50  Marine x2  
  27  3:08  Marine x4  
  31  3:18  Supply Depot  
  31  3:26  Marine x4  
  35  3:43  Marine x2  
  35  3:44  Marine x2  
Show
View Real Time Build Order
Export as new Build Order

RiseAgainst Terran 

Build Orders: Reaper Expand 

Get SALT Encoding   

  12  0:01  SCV  
  13  0:13  SCV  
  14  0:22  Supply Depot  
  14  0:25  SCV  
  15  0:44  SCV  
  15  0:45  Barracks  
  15  0:47  Refinery  
  16  0:56  SCV  
  17  1:08  SCV  
  18  1:20  SCV  
  19  1:33  Orbital Command, Reaper  
  20  1:45  Command Center  
  20  2:05  Reaper  
  21  2:19  SCV  
  22  2:25  Barracks  
  22  2:26  Supply Depot  
  22  2:29  Factory  
  22  2:46  Barracks Reactor  
  22  2:49  SCV  
  22  2:51  Barracks  
  22  3:03  SCV  
  22  3:04  Orbital Command  
  22  3:13  Hellion  
  24  3:24  Marine x2  
  24  3:25  Marine  
  27  3:28  SCV  
  27  3:30  Supply Depot  
Show
View Real Time Build Order
Export as new Build Order

Panda Zerg 

Build Orders: Pool First 

Get SALT Encoding   

  12  0:01  Drone  
  13  0:13  Overlord  
  13  0:18  Drone  
  14  0:25  Extractor  
  13  0:38  Spawning Pool  
  13  0:41  Drone  
  13  0:53  Drone x2  
  13  0:56  Drone  
  16  1:21  Hatchery  
  15  1:33  Zergling x2  
  15  1:34  Zergling x4  
  18  2:04  Metabolic Boost  
  18  2:07  Zergling x4  
  19  2:55  Zergling x2  
  19  2:56  Zergling x4  
  18  3:05  Queen  
  18  3:09  Spine Crawler  
  18  3:10  Spine Crawler  
  18  3:11  Drone x3  
  18  3:12  Queen  
  8  3:34  Drone x2  
  9  3:43  Drone  
  10  3:50  Drone x2  
Tags
 
Add a new tag
Caveats
  • Supply blocks, unpowered buildings, or Contaminate may cause inaccurate times.
  • Supply counts are checked every 10 seconds.